 Dungeon Crawl Stone Soup version 0.28.0-1-gb440e238dd (webtiles) character file.

Game seed: 16679233098858957927

12188 Sanktem7 the Fighter (level 11, -2/165 HPs)
             Began as a Minotaur Fighter on Feb 25, 2022.
             Was an Initiate of Ru.
             Slain by a blink frog (5 damage)
             ... on level 4 of the Abyss.
             The game lasted 00:30:09 (10423 turns).

Sanktem7 the Fighter (Minotaur Fighter)            Turns: 10423, Time: 00:30:10

Health: -2/165     AC: 25    Str: 25      XL:     11   Next: 59%
Magic:  0/0        EV:  2    Int:  1 (7)  God:    Ru [......]
Gold:   439        SH:  8    Dex: 23      Spells: 10/10 levels left

rFire   + . .      SeeInvis .   q - +1 hand axe of the Fifty Cities {flame, rElec rF+ MP-9 Int+2 Dex+7, axe}
rCold   + . .      Faith    .   E - +2 buckler
rNeg    . . .      Spirit   .   (armour currently unavailable)
rPois   +          Reflect  .   (helmet currently unavailable)
rElec   +          Harm     .   (cloak currently unavailable)
rCorr   .          Rampage  .   (gloves currently unavailable)
Will    .....      NoTele   +   (boots currently unavailable)
Stlth   ..........              G - amulet of regeneration {@e2}
HPRegen 1.17/turn               A - ring of protection from cold
MPRegen 0.07/turn               B - +6 ring of dexterity

@: tree-form, silenced
A: stationary, stasis, torment immunity, boosted hp, (horns 2), no stealth,
(retaliatory headbutt), low MP 1, screaming 1
a: Renounce Religion


You were on level 4 of the Abyss.
You worshipped Ru.
Ru was noncommittal.
You were a tree.
You visited 2 branches of the dungeon, and saw 12 of its levels.
You visited the Abyss 1 time.

You collected 439 gold pieces.


Innate Abilities, Weirdness & Mutations

You are a tree.
Your roots penetrate the ground, keeping you stationary.
You cannot be teleported.
You are immune to unholy pain and torment.
Your maximum health is greatly increased.
Your equipment is partially melded.
((You have a pair of horns on your head.))
You cannot be stealthy.
((You reflexively headbutt those who attack you in melee.))
Your magical capacity is low. (-10% MP)
You occasionally shout uncontrollably at your foes.


   Skills:
 * Level 14.0 Fighting
 * Level 13.8 Axes
 - Level 4.2 Staves
 + Level 1.3 Throwing
 + Level 10.4 Armour
 - Level 3.6 Shields


You had 10 spell levels left.
You didn't know any spells.
Your spell library contained the following spells:

 Spells                   Type           Power      Damage    Failure   Level
 Pain                     Necr           0%         1d4       67%         1
 Sandblast                Erth           0%         2d4       67%         1
 Corpse Rot               Necr/Air       0%         N/A       80%         2
 Ensorcelled Hibernation  Hex/Ice        0%         N/A       80%         2
 Passwall                 Tmut/Erth      0%         N/A       80%         2
 Poisonous Vapours        Pois/Air       0%         N/A       80%         2
 Scorch                   Fire           0%         2d5       80%         2
 Spider Form              Tmut/Pois      0%         N/A       95%         3
 Stone Arrow              Conj/Erth      0%         3d7       95%         3
 Swiftness                Air            0%         N/A       95%         3
 Vampiric Draining        Necr           0%         2d6       95%         3
 Anguish                  Hex/Necr       0%         N/A       100%        4
 Agony                    Necr           0%         N/A       100%        5
 Excruciating Wounds      Necr           0%         N/A       100%        5
 Fireball                 Conj/Fire      0%         3d3       100%        5

Inventory:

Hand Weapons
 e - a +6 vorpal flail {mace}
   (You took it off Edmund on level 7 of the Dungeon)
 q - the +1 hand axe of the Fifty Cities (weapon) {flame, rElec rF+ MP-9 Int+2 Dex+7, axe}
   (You found it on level 4 of the Dungeon)

   It burns those it strikes, dealing additional fire damage.
   Big, fiery blades are also staple armaments of hydra-hunters.
   Int:       It affects your intelligence (+2).
   Dex:       It affects your dexterity (+7).
   rF:        It protects you from fire.
   rElec:     It insulates you from electricity.
   MP:        It affects your magic capacity (-9).
 Q - the +7 quarterstaff of the Spider {drain, Dex+3, staff}
   (You found it on level 8 of the Dungeon)

   A truly terrible weapon, it drains the life of any living foe it strikes.
   Dex:       It affects your dexterity (+3).
Missiles
 m - 2 boomerangs {throwing}
 n - a boomerang of dispersal (quivered) {=f!fthrowing}
 o - 16 poisoned darts {throwing}
 s - 13 stones {throwing}
 v - 25 bolts
Armour
 c - the +3 pair of gauntlets of War (melded) {Slay+5}
   (You acquired it on level 4 of the Dungeon)

   Slay:      It affects your accuracy & damage with ranged weapons and melee
   (+5).
 i - a +2 cloak (melded)
   (You found it on level 7 of the Dungeon)
 x - a +0 pair of boots (melded)
   (You found it on level 5 of the Dungeon)
 z - a +0 chain mail of poison resistance (melded)
   (You took it off an orc on level 5 of the Dungeon)
 E - a +2 buckler (worn)
   (You found it on level 6 of the Dungeon)
Magical Staves
 b - a staff of cold {!astaff}
   (You found it on level 9 of the Dungeon)
Jewellery
 A - a ring of protection from cold (left branch)
   (You found it on level 5 of the Dungeon)
 B - a +6 ring of dexterity (right branch)
   (You found it on level 5 of the Dungeon)
 G - an amulet of regeneration (around neck) {@e2}
   (You found it on level 7 of the Dungeon)
Wands
 r - a wand of polymorph (2)
   (You found it on level 5 of the Dungeon)
 t - a wand of flame (35)
   (You found it on level 4 of the Dungeon)
 H - a wand of paralysis (17)
   (You found it on level 7 of the Dungeon)
 O - a wand of digging (6)
   (You found it on level 8 of the Dungeon)
 R - a wand of iceblast (6)
   (You found it on level 8 of the Dungeon)
Scrolls
 g - a scroll of vulnerability {!r!r}
 k - 2 scrolls of teleportation {@r4}
 l - a scroll of noise {!r}
 p - 2 scrolls of fear
 u - 2 scrolls of brand weapon
 w - a scroll of enchant armour {unknown}
 y - a scroll of magic mapping {unknown}
 D - a scroll of holy word {unknown}
 L - a scroll of amnesia {unknown}
 M - 2 scrolls of fog {unknown}
Potions
 d - a potion of might
 h - 2 potions of lignification {!q}
 j - 4 potions of mutation {!q}
 P - a potion of magic {unknown}

Dungeon Overview and Level Annotations

Branches:
Dungeon (11/15)            Temple (1/1) D:4
   Lair: D:8-11         Orc: D:9-12

Altars:
Ashenzari
Cheibriados
Dithmenos
Elyvilon
Fedhas
Gozag
Hepliaklqana
Kikubaaqudgha
Makhleb
Nemelex Xobeh
Okawaru
Qazlal
Ru
Sif Muna
Trog
Uskayaw
Vehumet
Wu Jian
Xom
Yredelemnul
The Shining One

Shops:
D:10 (

Annotations:
D:10 2 transporters, indyram44's ghost, novice DsFi
D:11 Sonja

# ...# .# ..
# . ...
#####.####. #
.q.....##.
... # #.
......... ..#
#. ..8. ... 8
. . ### ...
.... .. # .
..4#..#.. .#
###h4..... .
.. w
#♣F8...... 8
###q...###...
. ##h...... .
# # .##.##..
.. .# # #.# .
#.. .. ##


You could see a purple draconian shifter (catching breath), an orange demon, 2
raiju, a blink frog (unsilenced) and a chaos spawn.


Message History

* * * LOW HITPOINT WARNING * * *
😨 HP[-1]
You take 1 damage, and now have 43/110 hp.
You closely miss the purple draconian shifter.
You closely miss the neqoxec. You hit the raiju. You burn the raiju.
The neqoxec hits you but does no damage.
The raiju barely misses you. 😨 HP[+1]
You closely miss the purple draconian shifter.
You closely miss the neqoxec. You completely miss the raiju.
The purple draconian shifter hits you but does no damage.
The neqoxec gestures at you.
Something tries to feed on your intellect!
You slash the purple draconian shifter! You burn the purple draconian shifter.
You headbutt the purple draconian shifter.
You hit the raiju but do no damage. You hit the neqoxec. You burn the neqoxec.
The raiju bites you.
* * * LOW HITPOINT WARNING * * *
The raiju shocks you. You resist.
* * * LOW HITPOINT WARNING * * *
The purple draconian shifter hits you but does no damage. 😨 HP[-3]
You take 3 damage, and now have 41/110 hp.
You hit the purple draconian shifter but do no damage.
You closely miss the neqoxec. You barely miss the raiju. The neqoxec hits you.
* * * LOW HITPOINT WARNING * * *
The raiju closely misses you. 😨 HP[-6]
You take 6 damage, and now have 35/110 hp.
You completely miss the neqoxec. Your headbutt misses the neqoxec.
You miss the purple draconian shifter. You hit the raiju. You burn the raiju.
The purple draconian shifter hits you but does no damage. 😨 HP[+1]
You barely miss the neqoxec. You headbutt the neqoxec. You hit the raiju.
You burn the raiju.
You closely miss the purple draconian shifter.
The neqoxec hits you.
* * * LOW HITPOINT WARNING * * *
The raiju bites you but does no damage. 😨 HP[-1]
You take 1 damage, and now have 35/110 hp.
You slash the neqoxec! You burn the neqoxec. Your headbutt misses the neqoxec.
You hit the raiju. You burn the raiju.
You closely miss the purple draconian shifter.
The purple draconian shifter breathes dispelling energy at you.
The bolt of dispelling energy hits you!!
* * * LOW HITPOINT WARNING * * *
The orange demon stings you from afar!
* * * LOW HITPOINT WARNING * * *
The neqoxec gestures at you.
Something tries to feed on your intellect! 😱 HP[-32]
You take 32 damage, and now have 3/110 hp.
MASSIVE DAMAGE!! (PAUSE) Really quaff the potion of lignification?
You turn into a tree.
Your +2 cloak melds into your body.
The +3 pair of gauntlets of War {Slay+5} melds into your body.
Your +0 pair of boots melds into your body.
Your +0 chain mail of poison resistance melds into your body.
You no longer feel resistant to poison.
Your roots penetrate the ground.
The raiju bites you but does no damage.
The purple draconian shifter completely misses you.
The orange demon stings you but does no damage.
The neqoxec gestures at you.
Something tries to feed on your intellect! 😱 HP[+2]
You now have 165 max hp (+55).
You regained 2 hp, and now have 5/165 hp.
You barely miss the neqoxec. You barely miss the raiju.
You hit the purple draconian shifter. You burn the purple draconian shifter.
The raiju bursts into living lightning!
The living lightning hits you. You resist.
* * * LOW HITPOINT WARNING * * *
The raiju blinks!
You block the purple draconian shifter's attack.
The orange demon stings you but does no damage. 😱 HP[-3]
You take 3 damage, and now have 2/165 hp.
You slash the neqoxec! You burn the neqoxec.
You kill the neqoxec!
That felt strangely unrewarding.
You completely miss the purple draconian shifter.
You slash the raiju! You burn the raiju.
The raiju bites you but does no damage. 😱 HP[+1]
You slash the blink frog! You burn the blink frog.
You hit the purple draconian shifter but do no damage.
You barely miss the raiju.
The orange demon stings you but does no damage.
The purple draconian shifter hits you but does no damage.
You block the blink frog's attack.
Unknown command.
You hit the blink frog but do no damage.
You hit the raiju. You burn the raiju.
You hit the purple draconian shifter but do no damage.
The raiju bursts into living lightning!
The living lightning hits you. You resist.
* * * LOW HITPOINT WARNING * * *
The raiju blinks!
The blink frog hits you.
You die...

Skill      XL: |  1  2  3  4  5  6  7  8  9 10 11 |
---------------+----------------------------------+-----
Fighting       | 4 5 6 8 10 11 13 14 | 14.0
Axes           | 3 4 5 6 7 9 11 12 13 | 13.8
Armour         | 4 5 6 7 8 9 10 | 10.4
Staves         | 2 4 |  4.2
Throwing       | 1 |  1.3
Shields        | |  3.6

Action                   |  1- 3 |  4- 6 |  7- 9 | 10-12 || total
-------------------------+-------+-------+-------+-------++-------
Melee: War axe           |    67 |     3 |       |       ||    70
       Headbutt          |    10 |    19 |    40 |    74 ||   143
       Flail             |       |   131 |    40 |       ||   171
       Hand axe          |       |       |   142 |   263 ||   405
Invok: Sacrifice Stealth |       |       |     1 |       ||     1
       Reject Sacrifices |       |       |       |     1 ||     1
Evoke: Wand              |       |       |       |     1 ||     1
  Use: Scroll            |       |       |    10 |     6 ||    16
       Potion            |       |       |       |     7 ||     7
Armor: Scale mail        |    34 |    84 |    66 |       ||   184
       Chain mail        |       |       |    19 |   148 ||   167
       Skin              |       |       |       |     6 ||     6
Dodge: Dodged            |    37 |    81 |    88 |    90 ||   296
Block: Buckler           |    23 |    56 |    28 |   100 ||   207
       Kite shield       |       |       |    43 |       ||    43

Levels and vault maps discovered:
D:1:      ebering_hopf_link, layout_loops_corners
D:2:      layout_basic
D:3:      cheibrodos_greedy_goblins, layout_basic,
          nicolae_overflow_hidden_temple, minmay_statues_item,
          minmay_snake_closets, uniq_natasha
D:4:      layout_gridville, nicolae_overflow_crystal_walls,
          minmay_temple_entry_arrows, lemuel_flame_loot_1
D:5:      layout_loops_cross, grunt_temple_overflow_open
D:6:      layout_rooms
D:7:      layout_rooms, chequers_serial_rivers_marsh, minmay_gold_behind_fungi,
          kennysheep_minor_cross, sigmund_edmund_badplayer
D:8:      layout_rooms, eat_drink_and_be_merry_uskayaw
D:9:      layout_long_grid, old_standard_altar,
          pdpol_wu_jian_five_deadly_venoms, uniq_joseph
D:10:     layout_roguey, serial_shops, shop_statue,
          gammafunk_ghost_wrathful_warriors, kennysheep_generic_room_13,
          uniq_josephine, uniq_erolcha
D:11:     layout_basic, erik_lair_orcish_takeover,
          kennysheep_orc_monster_closet_entryway,
          portal_ice_cave_entry_ice_simulacra, uniq_sonja
Temple:   eino_temple_lava
Abyss:4:  base: D:4, base: D:8, evilmike_abyss_exit_vortex,
          small_statue_intersection, abyss_greek_temple, evilmike_abyss_exit_17,
          minivault_26, evilmike_abyss_rune_ettins, evilmike_abyss_rune_ettins,
          evilmike_abyss_exit_1, hangedman_abyss_exit_choices,
          patterned_corridor, gammafunk_abyss_rune_reverse_zot

Notes
Turn   | Place    | Note
-------+----------+-------------------------------------------
     0 | D:1      | Sanktem7 the Minotaur Fighter began the quest for the Orb.
     0 | D:1      | Reached XP level 1. HP: 19/19 MP: 0/0
     0 | D:1      | magus.rc [v1.9.6]
    17 | D:1      | You pick up a book of Vapours and begin reading...
    17 | D:1      | You add the spells Poisonous Vapours and Corpse Rot to your
                  | library.
   213 | D:1      | Reached XP level 2. HP: 27/27 MP: 1/1
   354 | D:1      | Reached skill level 4 in Fighting
   486 | D:1      | Reached skill level 3 in Axes
   897 | D:2      | Reached skill level 4 in Armour
   897 | D:2      | Reached XP level 3. HP: 33/33 MP: 2/2
  1000 | D:2      | You add the spells Scorch, Vampiric Draining and Fireball
                  | to your library.
  1000 | D:2      | Got the Guide on the Sinister Arsonist
  1426 | D:2      | Reached XP level 4. HP: 41/41 MP: 3/3
  1637 | D:3      | Reached skill level 4 in Axes
  1880 | D:3      | Reached skill level 5 in Fighting
  2420 | D:3      | Reached XP level 5. HP: 47/48 MP: 4/4
  2521 | D:3      | Noticed Natasha
  2529 | D:3      | Killed Natasha
  2548 | D:3      | You pick up a book of Geomancy and begin reading...
  2548 | D:3      | You add the spells Sandblast, Passwall and Stone Arrow to
                  | your library.
  2617 | D:3      | Noticed Natasha
  2629 | D:3      | Killed Natasha
  3097 | D:3      | Noticed Natasha
  3104 | D:3      | Killed Natasha
  3105 | D:3      | Reached skill level 5 in Axes
  3364 | D:4      | Noticed a necrophage
  3370 | D:4      | Killed a necrophage
  3371 | D:4      | Reached skill level 6 in Fighting
  3371 | D:4      | Reached skill level 5 in Armour
  3371 | D:4      | Reached XP level 6. HP: 57/57 MP: 5/5
  3475 | D:4      | Noticed a wyvern
  3483 | D:4      | Killed a wyvern
  3484 | D:4      | Reached skill level 6 in Axes
  3484 | D:4      | Reached XP level 7. HP: 60/64 MP: 6/6
  3514 | D:4      | Reached skill level 7 in Fighting
  3689 | D:4      | Found a glowing golden altar of the Shining One.
  3761 | D:4      | Identified a scroll of acquirement
  3762 | D:4      | Acquired the +3 pair of gauntlets of War {Slay+5}
  3762 | D:4      | Found the +3 pair of gauntlets of War {Slay+5}
  3838 | D:4      | Identified the +1 hand axe of the Fifty Cities {flame,
                  | rElec rF+ MP-9 Int+2 Dex+7}
  3963 | D:4      | You pick up a book of Pain and begin reading...
  3963 | D:4      | You add the spells Pain, Agony and Excruciating Wounds to
                  | your library.
  3969 | D:4      | You pick up a book of Burglary and begin reading...
  3969 | D:4      | You add the spells Ensorcelled Hibernation and Swiftness to
                  | your library.
  4114 | D:4      | Found a staircase to the Ecumenical Temple.
  4517 | Temple   | Entered the Ecumenical Temple
  4572 | Temple   | Became a worshipper of Ru the Awakened
  4597 | D:5      | Entered Level 5 of the Dungeon
  4657 | D:5      | Reached skill level 7 in Axes
  4677 | D:5      | Reached skill level 6 in Armour
  4760 | D:5      | Reached skill level 8 in Fighting
  4760 | D:5      | Reached XP level 8. HP: 74/74 MP: 0/7
  4761 | D:5      | Found a basalt altar of Yredelemnul.
  4761 | D:5      | Found a shadowy altar of Dithmenos.
  4762 | D:5      | Found a bloodstained altar of Trog.
  4905 | D:5      | Reached skill level 8 in Axes
  4996 | D:5      | You pick up a book of Dreams and begin reading...
  4996 | D:5      | You add the spells Spider Form and Anguish to your library.
  5539 | D:5      | Reached skill level 9 in Fighting
  5865 | D:6      | Reached skill level 7 in Armour
  5953 | D:6      | Reached skill level 9 in Axes
  6124 | D:6      | Gained mutation: You cannot be stealthy. [Ru sacrifice]
  6157 | D:7      | Noticed a two-headed ogre
  6163 | D:7      | HP: 17/78 [two-headed ogre (16)]
  6165 | D:7      | Killed a two-headed ogre
  6166 | D:7      | Reached skill level 10 in Fighting
  6166 | D:7      | Reached XP level 9. HP: 20/85 MP: 0/8
  6509 | D:7      | Noticed Edmund
  6514 | D:7      | Killed Edmund
  6557 | D:7      | Reached skill level 10 in Axes
  6628 | D:7      | Reached skill level 8 in Armour
  6974 | D:7      | Noticed Sigmund
  6979 | D:7      | Killed Sigmund
  6980 | D:7      | Reached skill level 11 in Fighting
  7133 | D:8      | Reached skill level 11 in Axes
  7142 | D:8      | Reached XP level 10. HP: 83/96 MP: 0/9
  7143 | D:8      | Noticed a two-headed ogre
  7159 | D:8      | HP: 22/96 [gnoll (4)]
  7160 | D:8      | Killed a two-headed ogre
  7636 | D:8      | Found a hide-covered altar of Uskayaw.
  7723 | D:8      | Reached skill level 12 in Fighting
  7755 | D:8      | Identified the +7 quarterstaff of the Spider {drain, Dex+3}
  7890 | D:8      | Reached skill level 9 in Armour
  7902 | D:8      | Reached skill level 12 in Axes
  8148 | D:9      | You pick up a book of Dreams and begin reading...
  8161 | D:9      | Noticed a two-headed ogre
  8163 | D:9      | Noticed a two-headed ogre
  8176 | D:9      | Killed a two-headed ogre
  8177 | D:9      | Reached skill level 1 in Staves
  8182 | D:9      | Killed a two-headed ogre
  8183 | D:9      | Reached skill level 2 in Staves
  8330 | D:9      | Found a stormy altar of Qazlal.
  8391 | D:9      | Found an ornate altar of the Wu Jian Council.
  8523 | D:9      | Reached skill level 13 in Fighting
  8634 | D:9      | Reached XP level 11. HP: 107/107 MP: 1/10
  8686 | D:9      | Noticed Joseph
  8698 | D:9      | Killed Joseph
  8699 | D:9      | Reached skill level 3 in Staves
  8935 | D:9      | magus.rc [v1.9.6]
  8963 | D:10     | Entered Level 10 of the Dungeon
  9056 | D:10     | Reached skill level 13 in Axes
  9072 | D:10     | Noticed Josephine
  9086 | D:10     | Killed Josephine
  9087 | D:10     | Reached skill level 10 in Armour
  9104 | D:10     | Reached skill level 4 in Staves
  9173 | D:10     | Found a bloodstained altar of Trog.
  9173 | D:10     | Noticed indyram44's ghost (novice DsFi)
  9174 | D:10     | Found a transporter.
  9175 | D:10     | Noticed a two-headed ogre
  9175 | D:10     | Noticed a tengu warrior
  9179 | D:10     | Found a transporter.
  9238 | D:10     | Found Tolull's Weapon Boutique.
  9318 | D:10     | Noticed Erolcha
  9330 | D:10     | Killed Erolcha
  9331 | D:10     | Reached skill level 14 in Fighting
  9331 | D:10     | Reached skill level 1 in Throwing
  9737 | D:11     | Noticed Sonja
  9739 | D:11     | Noticed a boulder beetle
  9777 | D:11     | You are cast into the Abyss!
  9777 | D:11     | Cast into level 1 of the Abyss (Sonja)
  9811 | Abyss:1  | Noticed a starcursed mass
  9833 | Abyss:1  | Paralysed by accursed screaming for 1 turns
  9834 | Abyss:1  | HP: 20/110 [starcursed mass/accursed screaming (12)]
  9839 | Abyss:1  | HP: 19/110 [starcursed mass (9)]
  9840 | Abyss:1  | Paralysed by accursed screaming for 1 turns
  9843 | Abyss:1  | Paralysed by accursed screaming for 1 turns
  9844 | Abyss:1  | HP: 11/110 [starcursed mass/accursed screaming (16)]
  9845 | Abyss:1  | HP: 3/110 [starcursed mass/accursed screaming (9)]
  9881 | Abyss:1  | Noticed a starcursed mass
  9944 | Abyss:1  | Noticed a rakshasa
  9952 | Abyss:1  | HP: 26/110 [ufetubus[a ynoxinul] (3)]
 10029 | Abyss:2  | Gained mutation: You occasionally shout uncontrollably at
                  | your foes. [a neqoxec]
 10120 | Abyss:4  | Noticed a starcursed mass
 10150 | Abyss:4  | Paralysed by accursed screaming for 1 turns
 10154 | Abyss:4  | Noticed a wretched star
 10181 | Abyss:4  | Noticed a great orb of eyes
 10198 | Abyss:4  | Noticed an ettin
 10200 | Abyss:4  | Noticed an ettin
 10205 | Abyss:4  | Noticed a thrashing horror
 10216 | Abyss:4  | Noticed a red draconian
 10217 | Abyss:4  | Noticed a large abomination
 10238 | Abyss:4  | HP: 25/110 [thrashing horror (5)]
 10244 | Abyss:4  | HP: 18/110 [thrashing horror (5)]
 10346 | Abyss:4  | Noticed a tentacled starspawn
 10353 | Abyss:4  | Noticed a starcursed mass
 10359 | Abyss:4  | Noticed a bone dragon
 10364 | Abyss:4  | Noticed a tentacled starspawn
 10378 | Abyss:4  | Noticed a purple draconian shifter
 10409 | Abyss:4  | Gained mutation: Your magical capacity is low. (-10% MP) [a
                  | neqoxec]
 10418 | Abyss:4  | HP: 13/110 [purple draconian shifter/bolt of dispelling
                  | energy (23)]
 10418 | Abyss:4  | HP: 3/110 [orange demon (10)]
 10423 | Abyss:4  | HP: 3/165 [raiju/living lightning (1)]
 10423 | Abyss:4  | Slain by a blink frog

Vanquished Creatures
  Josephine (D:10)
  Erolcha (D:10)
  4 two-headed ogres
  A large abomination (Abyss:1)
  Joseph (D:9)
  2 kobold demonologists (D:10)
  2 hornets
  2 trolls
  2 raiju (Abyss:4)
  A blink frog (Abyss:4)
  Sigmund (D:7)
  7 wraiths (D:10)
  2 wyverns
  8 yaks
  A chaos spawn (Abyss:4)
  A neqoxec (Abyss:4)
  2 small abominations
  4 vampire mosquitoes (D:8)
  2 steam dragons
  Edmund (D:7)
  A water moccasin (D:8)
  2 black bears
  4 necrophages
  2 ice beasts
  2 ogres
  A centaur (D:8)
  4 kobold brigands
  2 bullfrogs
  A gnoll sergeant (D:8)
  A scorpion (D:7)
  4 killer bees (D:10)
  4 wights (D:9)
  A howler monkey (D:5)
  2 hounds (D:5)
  A quasit (Abyss:4)
  3 centaur zombies
  3 jellies
  A centaur skeleton (D:5)
  A gnoll shaman (D:7)
  2 orc priests
  An iron imp (Abyss:4)
  Natasha (thrice) (D:3)
  4 iguanas
  7 orc wizards
  A killer bee zombie (D:5)
  A hound skeleton (D:4)
  21 gnolls
  A howler monkey skeleton (D:5)
  7 adders
  A white imp (D:5)
  2 ufetubi (D:5)
  3 adder skeletons (D:4)
  19 orcs
  7 endoplasms
  3 giant cockroaches
  16 goblins
  14 hobgoblins
  3 jackals (D:2)
  36 kobolds
  2 quokkas
  9 ball pythons (D:3)
  6 bats
  3 frilled lizards
  A quokka skeleton (D:4)
  4 rats
  A starspawn tentacle (Abyss:4)
264 creatures vanquished.

Vanquished Creatures (others)
  5 fungi (D:7)
  A plant (Abyss:4)
  12 starspawn tentacles (Abyss:4)
  2 toadstools (D:7)
20 creatures vanquished.

Grand Total: 284 creatures vanquished

Table legend:
 A = Non-vault XP
 B = Vault XP
 C = Vault XP percentage of total XP
 D = Non-vault monster count
 E = Vault monster count
 F = Vault count percentage of total count
                 A         B        C        D         E       F
            +---------+---------+-------+---------+---------+-------
      Total |   13266 |    4146 |  23.8 |     225 |      38 |  14.4
            +---------+---------+-------+---------+---------+-------
        D:1 |      29 |       0 |   0.0 |      17 |       0 |   0.0
        D:2 |      98 |       0 |   0.0 |      24 |       0 |   0.0
        D:3 |     143 |     101 |  41.4 |      22 |      26 |  54.2
        D:4 |     725 |       0 |   0.0 |      25 |       0 |   0.0
        D:5 |    1102 |       0 |   0.0 |      26 |       0 |   0.0
        D:6 |     417 |       0 |   0.0 |      11 |       0 |   0.0
        D:7 |    1646 |     402 |  19.6 |      19 |       2 |   9.5
        D:8 |    3302 |       0 |   0.0 |      30 |       0 |   0.0
        D:9 |    3155 |     423 |  11.8 |      20 |       1 |   4.8
       D:10 |    2378 |    3220 |  57.5 |      20 |       9 |  31.0
       D:11 |     271 |       0 |   0.0 |       1 |       0 |   0.0
    Abyss:1 |       0 |       0 |   N/A |       1 |       0 |   0.0
    Abyss:2 |       0 |       0 |   N/A |       1 |       0 |   0.0
    Abyss:4 |       0 |       0 |   N/A |       8 |       0 |   0.0
            +---------+---------+-------+---------+---------+-------

Illustrated notes

Table legend:
 A = Kills in this place as a percentage of kills in entire the game.
 B = Kills by you in this place as a percentage of kills by you in the entire game.
 C = Kills by friends in this place as a percentage of kills by friends in the entire game.
 D = Other kills in this place as a percentage of other kills in the entire game.
 E = Experience gained in this place as a percentage of experience gained in the entire game.
 F = Experience gained in this place divided by the number of levels of this place that you have seen.
                   A       B       C       D       E      F
               +-------+-------+-------+-------+-------+----------------------
         Total | 100.0 | 100.0 |   N/A |   N/A | 100.0 | 1088.2
       Dungeon |  96.2 |  96.2 |   N/A |   N/A | 100.0 | 1582.9
         Abyss |   3.8 |   3.8 |   N/A |   N/A |   0.0 |   0.0
               +-------+-------+-------+-------+-------+----------------------

Table legend: (Time is in decaauts)
 A = Elapsed time spent in this place.
 B = Non-inter-level travel time spent in this place.
 C = Inter-level travel time spent in this place.
 D = Time resting spent in this place.
 E = Time spent auto-exploring this place.
 F = Levels seen in this place.
 G = Mean time per level.
                   A        B        C        D        E       F      G
               +--------+--------+--------+--------+--------+-----+--------+
         Total |  10420 |  10097 |    323 |   1635 |   6282 |  16 |  651.2 |
       Dungeon |   9741 |   9424 |    317 |   1519 |   6245 |  11 |  885.5 |
        Temple |     64 |     58 |      6 |      0 |     37 |   1 |   64.0 |
         Abyss |    614 |    614 |      0 |    116 |      0 |   4 |  153.5 |
               +--------+--------+--------+--------+--------+-----+--------+

Top non-repeatable levels by time:
     D:3: 1781 daAuts
     D:7: 1329 daAuts
     D:4: 1190 daAuts
     D:5: 987 daAuts
     D:1: 891 daAuts
     D:9: 806 daAuts
     D:2: 763 daAuts
    D:10: 695 daAuts
     D:8: 635 daAuts
     D:6: 576 daAuts
 Abyss:4: 345 daAuts
 Abyss:1: 180 daAuts
 Abyss:2: 85 daAuts
    D:11: 83 daAuts
  Temple: 64 daAuts
